AoeStats
← KirKy

Pilgrims

508943088Analyzed
2v2 RM · 7d ago on Sep 24, 2026· 33m 55s· 4 players
Game mode
Random Map
Map size
Medium (4 player)
Population
200
Speed
Normal
Resources
Standard
Victory
Conquest
Starting age
Dark Age
Ending age
Imperial Age
RankedLock teamsTeams togetherTeam positionsShared explorationLock speedFull tech treeHidden civsTurbo modeCheats
Victory
Defeat
935
+17
🇮🇱 Vikings · Israel
919
+17
🇩🇪 Japanese · Germany
957
-50
🇩🇪 Hindustanis · Germany
957
-50
[doGs] Charlie the Bird.
7:30 Loom
11:15 Feudal Age
11:26 Man-at-Arms
11:52 Arson
20:46 Castle Age
19:19 Fletching
19:15 Double-Bit Axe
19:22 Stone Mining
20:42 Gold Mining
22:19 Town Watch
22:33 Bodkin Arrow
23:27 Wheelbarrow
22:55 Fishing Lines
26:46 Bow Saw
28:48 Murder Holes
29:16 Ballistics
28:47 Heated Shot
30:27 Gillnets
32:39 Medium Warships
35:31 Imperial Age
32:49 Horse Collar
33:46 Stone Shaft Mining
KirKy
11:44 Loom
13:30 Feudal Age
17:27 Double-Bit Axe
18:28 Fishing Lines
21:55 Castle Age
20:20 Fletching
23:06 Bow Saw
22:54 Gold Mining
23:13 Stone Mining
23:08 Horse Collar
22:52 Crossbowman
23:54 Bodkin Arrow
27:19 Padded Archer Armor
34:18 Gold Shaft Mining
Jömpes
11:01 Feudal Age
13:47 Man-at-Arms
15:18 Double-Bit Axe
15:34 Gold Mining
21:43 Stone Mining
23:57 Fletching
26:28 Castle Age
24:25 Man-at-Arms
Fresh*Monkey
12:51 Feudal Age
14:06 Arson
17:27 Man-at-Arms
23:31 Castle Age
21:52 Forging
21:42 Scale Mail Armor
22:33 Double-Bit Axe
25:05 Elite Skirmisher
25:12 Long Swordsman
Connection lost

Rejoining the realm…

Still unreachable

The connection could not be restored.

Session expired

The server has moved on; the page needs a fresh start.